 Dungeon Sprint DCSS version 0.19.3-4-gbf9329e (webtiles) character file.

94 Kagutsuchi the Skirmisher (level 4, -3/45 HPs)
             Began as a Draconian Berserker on Jan 27, 2017.
             Was a Believer of Trog.
             Slain by a hippogriff (8 damage)
             ... in the Dungeon (Sprint II: "The Violet Keep of Menkaure").
             The game lasted 00:00:58 (68 turns).

Kagutsuchi the Skirmisher (Draconian Berserker)       Turns: 68, Time: 00:00:59

Health: -3/45      AC:  5    Str: 19    XL:     4   Next: 38%
Magic:  4/4        EV: 14    Int:  8    God:    Trog [**....]
Gold:   243        SH:  0    Dex: 11    Spells: 0 memorised, 3 levels left

rFire  . . .     SeeInvis .     a - +0 falchion
rCold  . . .     Gourm    .     (armour unavailable)
rNeg   . . .     Faith    .     (no shield)
rPois  .         Spirit   .     (helmet restricted)
rElec  .         Reflect  .     (no cloak)
rCorr  .         Harm     .     (no gloves)
MR     .....     NoTele   +     (no boots)
Stlth  +.........               (no amulet)
                                (no ring)
                                (no ring)

@: no status effects
A: unfitting armour, cold-blooded, AC +5
a: Berserk, Trog's Hand, Burn Spellbooks, Renounce Religion


You were in the Dungeon.
You worshipped Trog.
Trog was pleased with you.
You were not hungry.

You visited 1 branch You collected 243 gold pieces.

Inventory:

Hand Weapons
 a - a +0 falchion (weapon)
Scrolls
 h - a scroll of blinking
Potions
 c - a potion of curing
 e - a potion of haste
 f - 2 potions of magic
 g - a potion of berserk rage
Comestibles
 b - a bread ration


   Skills:
 + Level 6.4 Fighting
 + Level 5.7 Long Blades
 + Level 5.3 Dodging


You had 3 spell levels left.
You didn't know any spells.

Dungeon Overview and Level Annotations

Branches:
Dungeon (1/1)

Altars:


Innate Abilities, Weirdness & Mutations

Your plain brown scales are hard. (AC +5)
You cannot fit into any form of body armour.
You are cold-blooded and may be slowed by cold attacks.


Message History

The hippogriff barely misses you. The hippogriff claws you.
* * * LOW HITPOINT WARNING * * *
You feel much better. The hippogriff barely misses you. x2
The hippogriff claws you.
You hit the hippogriff.
You tail-slap the hippogriff, but do no damage.
The hippogriff is severely wounded.
The hippogriff bites you.
* * * LOW HITPOINT WARNING * * *
The hippogriff closely misses you. The hippogriff misses you.
You hit the hippogriff.
Your tail-slap misses the hippogriff.
The hippogriff is almost dead.
The hippogriff bites you.
* * * LOW HITPOINT WARNING * * *
The hippogriff barely misses you. The hippogriff claws you.
* * * LOW HITPOINT WARNING * * *
You barely miss the hippogriff. You tail-slap the hippogriff.
The hippogriff is almost dead.
The hippogriff bites you!
You die...

## ## .# #.
## .#H # ##.
#H# .##
#..###@##.w.#
#.†.<.+#
#..###.##.w$#
##. #+# .##
## .#w # w#
w. ## .## ##


You could see 2 hippogriffs.

Vanquished Creatures
  4 worker ants (D)
4 creatures vanquished.

Vanquished Creatures (others)
  Menkaure (D)
1 creature vanquished.

Grand Total: 5 creatures vanquished

Notes
Turn   | Place    | Note
-------+----------+-------------------------------------------
     0 | D        | Kagutsuchi the Draconian Berserker began the quest for the Orb.
     0 | D        | Reached XP level 1. HP: 19/19 MP: 1/1
     1 | D        | Noticed a tyrant leech
     1 | D        | Noticed a tyrant leech
     5 | D        | Noticed a worker ant
     5 | D        | Noticed a worker ant
     6 | D        | Noticed a worker ant
     6 | D        | Noticed a worker ant
     8 | D        | Killed a worker ant
     8 | D        | Reached skill level 4 in Fighting
     8 | D        | Reached XP level 2. HP: 28/28 MP: 2/2
    11 | D        | Reached skill level 5 in Fighting
    11 | D        | Reached XP level 3. HP: 36/36 MP: 3/3
    14 | D        | Reached ** piety under Trog
    14 | D        | Reached skill level 6 in Fighting
    14 | D        | Reached skill level 5 in Long Blades
    14 | D        | Reached skill level 5 in Dodging
    14 | D        | Reached XP level 4. HP: 44/44 MP: 4/4
    29 | D        | Killed Menkaure
    50 | D        | Noticed a hippogriff
    50 | D        | Noticed a hippogriff
    68 | D        | Slain by a hippogriff

Skill      XL: |  1  2  3 |
---------------+----------+-----
Fighting       | 4 5 6 |  6.4
Long Blades    | 4 5 |  5.7
Dodging        | 4 5 |  5.3

Action                   |  1- 3 |  4- 6 || total
-------------------------+-------+-------++-------
Melee: Falchion          |     8 |    14 ||    22
       Tailslap          |     3 |     7 ||    10
Invok: Berserk           |     1 |       ||     1
  Use: Potion            |       |     1 ||     1
Armor: Skin              |     2 |     4 ||     6
Dodge: Dodged            |     4 |    19 ||    23
       Rpst.: Falchion   |     2 |     3 ||     5
